 Dungeon Crawl Stone Soup version 0.32-a0-450-g080537f31e (webtiles) character file.

Game seed: 8191856297736376290

207 CougarLife the Digger (level 5, -1/28 HPs)
             Began as a Gargoyle Earth Elementalist on Feb 24, 2024.
             Slain by a gnoll
             ... wielding a +0 spear
              (3 damage)
             ... on level 3 of the Dungeon.
             The game lasted 00:02:10 (2364 turns).

CougarLife the Digger (Gargoyle Earth Elementalist) Turns: 2364, Time: 00:02:11

Health: -1/28      AC:  7    Str: 12    XL:     5   Next: 85%
Magic:  8/10       EV: 11    Int: 17    God:
Gold:   62         SH:  0    Dex: 10    Spells: 10/11 levels left

rFire   . . .        o - +0 dagger (venom)
rCold   . . .        (no shield)
rNeg    + . .        a - +0 robe
rPois   ∞            j - +0 helmet
rElec   +            (no cloak)
rCorr   .            (no gloves)
SInv    .            (no boots)
Will    +....        (no amulet)
Stlth   ++           h - ring of willpower
HPRegen 0.24/turn    (no ring)
MPRegen 0.12/turn

%: no passive effects
@: no status effects
A: sickness immunity, AC +4, negative energy resistance 1, electricity
resistance, torment resistance 1, petrification resistance
a: no special abilities


You were on level 3 of the Dungeon.
You visited 1 branch of the dungeon, and saw 3 of its levels.

You collected 62 gold pieces.

Inventory:

Hand Weapons
 g - a +0 dagger
 o - a +0 dagger of venom (weapon)
Armour
 a - a +0 robe (worn)
 j - a +0 helmet (worn)
Jewellery
 h - a ring of willpower (left hand)
Scrolls
 c - 4 scrolls of identify {unknown}
 d - 3 scrolls of teleportation {unknown}
 e - a scroll of blinking {unknown}
 m - a scroll of vulnerability {unknown}
 n - a scroll of brand weapon {unknown}
 p - a scroll of revelation {unknown}
 q - a scroll of poison {unknown}
Potions
 b - 3 potions of magic
 f - 3 potions of curing {unknown}
 i - a potion of invisibility {unknown}
 k - 2 potions of attraction {unknown}
 l - a potion of heal wounds {unknown}


   Skills:
 - Level 1.5 Dodging
 - Level 2.1 Stealth
 + Level 3.5 Spellcasting
 + Level 3.4 Conjurations
 + Level 5.2 Earth Magic


You had 10 spell levels left.
You knew the following spells:

 Your Spells              Type           Power      Damage    Failure   Level
a - Sandblast             Erth           40%        2d10      1%          1

Your spell library contained the following spells:

 Spells                   Type           Power      Damage    Failure   Level
 Passwall                 Erth           20%        N/A       6%          3
 Stone Arrow              Conj/Erth      34%        3d9       9%          3
 Brom's Barrelling Bould  Conj/Erth      17%        2d4       26%         4
 Petrify                  Alch/Erth      11%        N/A       50%         4


Dungeon Overview and Level Annotations

Branches:
Dungeon (3/15)

Altars:
Wu Jian


Innate Abilities, Weirdness & Mutations

You are immune to sickness and miasma.
Your stone body is resilient. (AC +4)
You are immune to poison.
You resist negative energy. (rN+)
You are resistant to electric shocks. (rElec)
You are resistant to unholy torment.
You are immune to petrification.


Message History

No target in view!
You see here a hobgoblin corpse.
q - a scroll labelled INTOIT CUOSKOU You can't see any susceptible monsters within range! (Use Z to cast anyway.) Key pressed, stopping explore.
You can't see any susceptible monsters within range! (Use Z to cast anyway.)
You see here a +0 spear.
Found a rapier.
No target in view!
You can't see any susceptible monsters within range! (Use Z to cast anyway.)
Found a stone staircase leading down.
You can't see any susceptible monsters within range! (Use Z to cast anyway.) 2 gnolls come into view.
The gnoll shouts! x2
A gnoll comes into view. It is wielding a +0 halberd.
A gnoll comes into view. It is wielding a +0 spear.
The gnoll shouts!
The gnoll closely misses you.
The blast of sand hits the gnoll.
The gnoll is moderately wounded.
The gnoll shouts!
The gnoll hits you but does no damage. The gnoll barely misses you.
There are monsters nearby!
You hit the gnoll.
The gnoll is poisoned.
The gnoll is moderately wounded.
The gnoll closely misses you.
The blast of sand hits the gnoll!
You kill the gnoll!
The gnoll hits you from afar with a +0 halberd!
There are monsters nearby!
The blast of sand hits the gnoll.
The gnoll is heavily wounded.
The gnoll hits you but does no damage. The gnoll hits you with a +0 whip. x2
The gnoll closely misses you.
The gnoll hits you from afar with a +0 halberd!
* * * LOW HITPOINT WARNING * * *
You are too injured to fight recklessly!
You are too injured to fight recklessly!
The gnoll hits you from afar with a +0 spear.
You die...

## #.###.#
.####.....#
..........#
....#.....#
..#.......#
....#.....#
.####.....#
......#.#.########
................@#
........#.######g#
..........# #g#
..........# #.g
..........# #.##
..........# #.#
#########.# #.# .#
#.# #.# .## #.#
...


You could see 3 gnolls.

Vanquished Creatures
  2 bombardier beetles (D:3)
  An iguana (D:3)
  A gnoll (D:3)
  3 adders
  3 dart slugs
  2 ribbon worms (D:2)
  2 orcs (D:3)
  9 bats
  2 endoplasms
  9 goblins
  7 hobgoblins
  2 jackals (D:1)
  3 quokkas (D:2)
  7 ball pythons
  5 frilled lizards
  3 kobolds
61 creatures vanquished.

Notes
Turn   | Place    | Note
-------+----------+-------------------------------------------
     0 | D:1      | CougarLife the Gargoyle Earth Elementalist began the quest
                  | for the Orb.
     0 | D:1      | Reached XP level 1. HP: 10/10 MP: 3/3
   124 | D:1      | Reached XP level 2. HP: 8/15 MP: 1/5
   277 | D:1      | Reached skill level 4 in Earth Magic
   619 | D:1      | Reached XP level 3. HP: 19/19 MP: 4/6
  1373 | D:2      | Reached XP level 4. HP: 19/24 MP: 1/8
  1936 | D:3      | Reached XP level 5. HP: 28/28 MP: 6/9
  2034 | D:3      | Reached skill level 5 in Earth Magic
  2052 | D:3      | Found an ornate altar of the Wu Jian Council.
  2364 | D:3      | Slain by a gnoll

Illustrated notes

Levels and vault maps discovered:
D:1:      giann_horns, layout_rooms, serial_glass, glass_columns_c,
          glass_columns_a
D:2:      kennysheep_the_goblin_king, layout_loops_cross, minmay_cut_off
D:3:      layout_basic, lemuel_round_altar, corexii_leaking_fountain

Skill      XL: |  1  2  3  4  5 |
---------------+----------------+-----
Earth Magic    | 4 5 |  5.2
Conjurations   | 2 3 |  3.4
Spellcasting   | 3 |  3.5
Dodging        | |  1.5
Stealth        | |  2.1

Action                     |  1- 3 |  4- 6 || total
---------------------------+-------+-------++-------
  Melee: Unarmed           |    13 |       ||    13
         Dagger            |     3 |    10 ||    13
   Cast: Sandblast         |    54 |    39 ||    93
   Stab: Sleeping          |     1 |       ||     1
 Armour: Robe              |    29 |    13 ||    42
  Dodge: Dodged            |    22 |    19 ||    41

Table legend: (Time is in decaauts)
 A = Elapsed time spent in this place.
 B = Non-inter-level travel time spent in this place.
 C = Inter-level travel time spent in this place.
 D = Time resting spent in this place.
 E = Time spent auto-exploring this place.
 F = Levels seen in this place.
 G = Mean time per level.
                   A        B        C        D        E       F      G
               +--------+--------+--------+--------+--------+-----+--------+
         Total |   2408 |   2342 |     66 |    104 |   1846 |   3 |  802.7 |
       Dungeon |   2408 |   2342 |     66 |    104 |   1846 |   3 |  802.7 |
               +--------+--------+--------+--------+--------+-----+--------+

Top non-repeatable levels by time:
     D:2: 998 daAuts
     D:1: 786 daAuts
     D:3: 623 daAuts
